cohdb
Replays
Latest Replays
All Replays
Popular Replays
Top Player Replays
Match Explorer
How It Works
Community
CoH3 Stats
Reddit
Sign in to upload your games and track your stats! →
Sign in with Steam
Match 43304691
Unlisted
Match 43304691
Overview
Messages
Build Orders
End
Construct Barracks
Scout Squad
Riflemen Squad
Selects Heavy Weapons
Riflemen Squad
Infantry Support Center
Riflemen Squad
Grenade Package
Construct Weapon Support Center
Selects Assault Carriers
M3 Assault Carrier
M1 Mortar Team
Bazooka Squad
Engineer Squad
Construct Medical Station
Selects Exchangeable Parts
M3 Assault Carrier
Advanced Logistics
Bazooka Squad
woof_raff
FloofieDog
0
0
Comments
sign in to comment!
No comments posted yet!